 Dungeon Crawl Stone Soup version 0.31.0-1-g2c135a008e (webtiles) character file.

Game seed: 5324824022840788091

90 Peloso the Covered (level 4, -3/40 HPs)
             Began as a Minotaur Fighter on Jan 20, 2024.
             Slain by Terence
             ... wielding a +4 morningstar
              (15 damage)
             ... on level 2 of the Dungeon.
             The game lasted 00:02:22 (1849 turns).

Peloso the Covered (Minotaur Fighter)               Turns: 1849, Time: 00:02:23

Health: -3/40      AC:  7    Str: 21    XL:     4   Next: 32%
Magic:  3/3        EV: 14    Int:  5    God:
Gold:   124        SH:  4    Dex: 11    Spells: 3/3 levels left

rFire   . . .        a - +0 long sword
rCold   . . .        c - +0 buckler
rNeg    . . .        b - +0 scale mail
rPois   .            (helmet restricted)
rElec   .            (no cloak)
rCorr   .            (no gloves)
SInv    +            (no boots)
Will    .....        (no amulet) Stlth
                     e - +5 ring of evasion
HPRegen 0.26/turn    j - ring of see invisible
MPRegen 0.08/turn

%: no passive effects
@: no status effects
A: horns 2, retaliatory headbutt
a: no special abilities


You were on level 2 of the Dungeon.
You visited 1 branch of the dungeon, and saw 3 of its levels.

You collected 124 gold pieces.

Inventory:

Hand Weapons
 a - a +0 long sword (weapon)
Armour
 b - a +0 scale mail (worn)
 c - a +0 buckler (worn)
Jewellery
 e - a +5 ring of evasion (left hand)
 j - a ring of see invisible (right hand)
Scrolls
 f - a scroll of identify {unknown}
 g - a scroll of enchant weapon {unknown}
 h - a scroll of noise {unknown}
 k - 3 scrolls of vulnerability {unknown}
Potions
 d - a potion of might
 i - a potion of heal wounds
 l - a potion of invisibility {unknown}


   Skills:
 + Level 4.2 Fighting
 + Level 3.3 Long Blades
 + Level 4.8 Armour
 + Level 0.2 Dodging
 + Level 4.2 Shields


You had 3 spell levels left.
You didn't know any spells.
Your spell library contained the following spells:

 Spells                   Type           Power      Damage    Failure   Level
 Necrotise                Necr           0%         1d4       86%         1
 Vampiric Draining        Necr           0%         2d6       99%         3
 Martyr's Knell           Necr/Summ      0%         N/A       100%        4
 Curse of Agony           Necr           0%         N/A       100%        5


Dungeon Overview and Level Annotations

Branches:
Dungeon (3/15)

Altars:
Yredelemnul

Annotations:
D:2 Terence


Innate Abilities, Weirdness & Mutations

You have a pair of horns on your head.
You reflexively headbutt those who attack you in melee.


Message History

You feel sick. The adder misses you. The adder bites you but does no damage.
You barely miss the adder. You headbutt the adder.
You kill the adder!
You feel sick.
You feel sick.
You see here an adder corpse.
You feel sick.
You feel sick.
You are no longer poisoned.
Found a stone staircase leading up.
You see here an adder corpse.
There is an open door here.
You open the door.
There is an open door here.
There is a stone staircase leading down here.
Done exploring.
Done exploring.
Done exploring.
Done exploring.
What level of the Dungeon? (default 12, ? - help)
You open the door.
There is an open door here.
There is a stone staircase leading up here.
You climb upwards.
Level annotation: Terence Terence misses you.
Terence hits you with a +4 morningstar!
There is a stone staircase leading down, spattered with blood here.
Unknown command.
You hit Terence.
Terence is lightly wounded.
Terence barely misses you. You furiously retaliate!
You headbutt Terence! You barely miss Terence.
Terence is heavily wounded.
Terence hits you with a +4 morningstar!
* * * LOW HITPOINT WARNING * * *
You slash Terence!
Terence is almost dead.
Terence hits you with a +4 morningstar!
You die...
Terence says, "That felt goooood."

#.### #.......#.........
#...# ##.#.#.....#......
#.#.#
#####...#.##....#####
#.#.............#...#.##
#@#.###.###...##.#..#..#
#.#.# #.>.....##.......#
#.#.###.####...รท....##.#
#.#.....####........# ##
#$........@...##.....#
###.#......@..###.####
#.###.#####.# #.#
#...<... ...##.#
#.###..## #..##.# #.#
#... ......# #.# #.###
#..## #.# #.# ..#


You could see Terence.

Vanquished Creatures
  An orc priest (D:3)
  2 adders (D:3)
  A dart slug (D:3)
  A ribbon worm (D:2)
  4 orcs (D:3)
  3 ball pythons (D:1)
  An endoplasm (D:2)
  4 goblins
  6 hobgoblins
  A quokka (D:3)
  3 bats
  2 frilled lizards (D:1)
  3 kobolds (D:3)
  4 rats
36 creatures vanquished.

Notes
Turn   | Place    | Note
-------+----------+-------------------------------------------
     0 | D:1      | Peloso the Minotaur Fighter began the quest for the Orb.
     0 | D:1      | Reached XP level 1. HP: 19/19 MP: 0/0
   290 | D:1      | Reached XP level 2. HP: 25/27 MP: 1/1
   838 | D:2      | Noticed Terence
   996 | D:3      | Found a basalt altar of Yredelemnul.
  1057 | D:3      | Found a faded altar of an unknown god.
  1073 | D:3      | Reached XP level 3. HP: 33/33 MP: 2/2
  1110 | D:3      | Reached XP level 4. HP: 25/40 MP: 3/3
  1849 | D:2      | Slain by Terence

Illustrated notes

Levels and vault maps discovered:
D:1:      nzn_arrival_crosshair, layout_basic
D:2:      layout_loops_ring, kennysheep_generic_room_12, uniq_terence
D:3:      layout_basic, nicolae_overflow_hidden_temple,
          mainiacjoe_overflow_catwalk, dreamdust_ecumenical_altar_grove,
          uniq_grinder

Skill      XL: |  1  2  3 |
---------------+----------+-----
Shields        | 4 |  4.2
Fighting       | 4 |  4.2
Armour         | 4 |  4.8
Long Blades    | 3 |  3.3
Dodging        | |  0.2

Action                     |  1- 3 |  4- 6 || total
---------------------------+-------+-------++-------
  Melee: Long sword        |    66 |    16 ||    82
         Headbutt          |    12 |     3 ||    15
    Use: Potion            |     3 |       ||     3
 Armour: Scale mail        |    48 |    13 ||    61
  Dodge: Dodged            |    33 |     9 ||    42
  Block: Buckler           |    13 |     2 ||    15
